 Dungeon Crawl Stone Soup version 0.29-a0-286-g41199d4a87 (webtiles) character file.

Game seed: 10018286834067471581

10003 Dabor the Fighter (level 11, -5/65 HPs)
             Began as a Gargoyle Fighter on Mar 16, 2022.
             Was a Believer of Hepliaklqana.
             Slain by a troll (8 damage)
             ... on level 12 of the Dungeon.
             The game lasted 00:24:46 (10397 turns).

Dabor the Fighter (Gargoyle Fighter)               Turns: 10397, Time: 00:24:47

Health: -5/65      AC: 29    Str: 22 (25) XL:     11   Next: 55%
Magic:  11/11      EV: 12    Int:  5 (8)  God:    Hepliaklqana [**....]
Gold:   486        SH:  4    Dex:  7 (9)  Spells: 10/10 levels left

rFire   + . .      SeeInvis .   p - +5 morningstar
rCold   + . .      Faith    .   c - +0 buckler
rNeg    + . .      Spirit   .   e - +3 ring mail
rPois   ∞          Reflect  .   (no helmet)
rElec   +          Harm     .   z - +2 cloak {rCorr}
rCorr   +          Rampage  .   (no gloves)
Will    +....                   f - +2 pair of boots
Stlth   ..........              (no amulet)
HPRegen 0.20/turn               j - +4 ring of protection
MPRegen 0.12/turn               i - ring of willpower

@: resistant, on berserk cooldown, attractive
A: reduced essence, sickness immunity, AC +8, negative energy resistance 1,
electricity resistance, torment resistance 1, petrification resistance
a: Renounce Religion, Recall Ancestor, Ancestor Identity


You were on level 12 of the Dungeon.
You worshipped Hepliaklqana.
Hepliaklqana was pleased with you.
You visited 2 branches of the dungeon, and saw 13 of its levels.

You collected 486 gold pieces.

Inventory:

Hand Weapons
 a - a +0 flail
 l - a +5 mace
 p - a +5 morningstar (weapon)
Missiles
 A - a poisoned dart
 D - a throwing net
Armour
 b - a +0 scale mail
 c - a +0 buckler (worn)
 e - a +3 ring mail (worn)
 f - a +2 pair of boots (worn)
 m - a +0 cloak
 z - a +2 cloak of preservation (worn)
Jewellery
 i - a ring of willpower (right hand)
 j - a +4 ring of protection (left hand)
 t - a ring of protection from fire
 J - the amulet "Coefikel" {rN+ Regen+}
   (You found it on level 9 of the Dungeon)

   [amulet of regeneration]

   rN:        It protects you from negative energy.
   Regen:     It increases your rate of health regeneration.
Wands
 n - a wand of charming (4)
 y - a wand of iceblast (14)
 F - a wand of paralysis (6)
Scrolls
 g - 5 scrolls of identify
 s - 3 scrolls of enchant weapon
 H - a scroll of amnesia
 L - a scroll of holy word {unknown}
Potions
 o - a potion of magic
 r - a potion of degeneration


   Skills:
 + Level 10.4 Fighting
 + Level 9.2 Maces & Flails
 + Level 10.3 Armour
 + Level 7.4 Dodging
 - Level 3.4 Shields


You had 10 spell levels left.
You didn't know any spells.
Your spell library contained the following spells:

 Spells                   Type           Power      Damage    Failure   Level
 Animate Skeleton         Necr           0%         N/A       71%         1
 Pain                     Necr           0%         1d4       71%         1
 Corpse Rot               Necr/Air       0%         N/A       83%         2
 Poisonous Vapours        Pois/Air       0%         N/A       83%         2
 Inner Flame              Hex/Fire       0%         N/A       97%         3
 Vampiric Draining        Necr           0%         2d6       97%         3
 Cause Fear               Hex            0%         N/A       100%        4
 Blade Hands              Tmut           0%         N/A       100%        5
 Irradiate                Conj/Tmut      0%         3d14      100%        5
 Dragon Form              Tmut           0%         N/A       100%        7
 Discord                  Hex            0%         N/A       100%        8


Dungeon Overview and Level Annotations

Branches:
Dungeon (12/15)            Temple (1/1) D:6            Lair (0/6) D:10
    Orc: D:9-12

Altars:
Ashenzari
Cheibriados
Dithmenos
Elyvilon
Fedhas
Gozag
Hepliaklqana
Kikubaaqudgha
Makhleb
Nemelex Xobeh
Okawaru
Qazlal
Ru
Sif Muna
Trog
Uskayaw
Vehumet
Wu Jian
Xom
Yredelemnul
Zin
The Shining One

Shops:
D:2 (   D:4 *   D:10 !

Annotations:
D:8 2 transporters, hofbold's ghost, novice KoDe


Innate Abilities, Weirdness & Mutations

Your life essence is reduced to manifest your ancestor. (-10% HP)
You are immune to sickness and miasma.
Your stone body is resilient. (AC +8)
You are immune to poison.
You resist negative energy. (rN+)
You are resistant to electric shocks. (rElec)
You are resistant to unholy torment.
You are immune to petrification.


Message History

You barely miss the killer bee.
You feel yourself speed up.
The kobold shouts!
The killer bee stings you but does no damage.
The killer bee barely misses you. The killer bee stings you.
* * * LOW HITPOINT WARNING * * *
The killer bee stings you but does no damage.
A kobold brigand comes into view.
It is wielding a +0 whip and quivering poisoned darts.
The yak misses you. The killer bee barely misses you.
You block the killer bee's attack.
A kobold demonologist comes into view. It is wielding a +2 vampiric dagger.
The kobold brigand moves out of view.
A kobold demonologist comes into view. It is wielding a +0 dagger.
It was a potion of attraction.
You feel attractive to monsters.
The kobold demonologist shouts!
You block the killer bee's attack.
The killer bee stings you but does no damage.
The yak gores you but does no damage. The killer bee closely misses you.
The killer bee barely misses you.
A kobold brigand comes into view.
It is wielding a +0 dagger and quivering curare-tipped darts.
The kobold throws a stone.
The stone hits you but does no damage.
The kobold demonologist is attracted toward you.
The kobold is attracted toward you. x2
The kobold demonologist is attracted toward you. x2
The kobold brigand is attracted toward you.
It was a potion of resistance.
You feel protected.
The kobold brigand shouts!
The killer bee stings you.
* * * LOW HITPOINT WARNING * * *
The killer bee stings you but does no damage.
The yak gores you but does no damage.
The killer bee stings you but does no damage.
The killer bee stings you.
* * * LOW HITPOINT WARNING * * *
The kobold demonologist hits you but does no damage.
A kobold comes into view.
It is wielding a +0 short sword and quivering poisoned darts.
The troll bites you!
You die...

...............
...........)...
...............
...............
...............
K..............
§...K.yTY......
K.§KKKK@.......
.§§.K..y.......
###############


You could see 3 kobold demonologists, a yak, a troll, a kobold brigand, 2 killer
bees and 3 kobolds.

Vanquished Creatures
  Pikel (D:8)
  A manticore (D:11)
  Maurice (D:8)
  Maggie (D:7)
  2 hornets
  A shadow (D:10)
  2 wyverns (D:10)
  12 yaks
  A basilisk (D:10)
  2 acid dragons
  7 water moccasins
  A black bear (D:6)
  2 sky beasts
  2 orc warriors
  3 ice beasts
  An ogre (D:5)
  A centaur (D:4)
  A lemure (D:8)
  4 bullfrogs
  4 gnoll sergeants
  A necrophage (D:7)
  17 wights
  5 killer bees
  5 howler monkeys
  4 jellies
  4 hounds
  A gnoll shaman (D:4)
  6 orc priests
  2 iguanas (D:6)
  6 orc wizards
  31 gnolls
  7 adders
  2 white imps
  2 worms
  2 dart slugs (D:1)
  26 orcs
  5 ball pythons
  5 endoplasms
  5 giant cockroaches
  8 goblins
  13 hobgoblins
  6 jackals
  3 quokkas
  5 bats
  4 frilled lizards
  4 kobolds
  4 rats
233 creatures vanquished.

Vanquished Creatures (collateral kills)
  Grinder (D:5)
  A wraith (D:10)
  A yak (D:9)
  Menkaure (D:5)
  A water moccasin (D:10)
  A black bear (D:7)
  A lemure (D:8)
  A bullfrog (D:9)
  A wight (D:8)
  2 killer bees
  3 orc wizards
  A gnoll (D:5)
15 creatures vanquished.

Vanquished Creatures (others)
  An ancestor (D:8)
  5 hexers
  A bush (D:10)
  4 fungi (D:10)
  18 plants (D:10)
29 creatures vanquished.

Grand Total: 277 creatures vanquished

Notes
Turn   | Place    | Note
-------+----------+-------------------------------------------
     0 | D:1      | Dabor the Gargoyle Fighter began the quest for the Orb.
     0 | D:1      | Reached XP level 1. HP: 14/14 MP: 1/1
   244 | D:1      | Reached XP level 2. HP: 19/19 MP: 2/2
   431 | D:1      | Reached XP level 3. HP: 17/24 MP: 3/3
   676 | D:1      | Found a faded altar of an unknown god.
  1170 | D:2      | Reached skill level 1 in Dodging
  1170 | D:2      | Reached XP level 4. HP: 29/29 MP: 4/4
  1238 | D:2      | Found a stormy altar of Qazlal.
  1350 | D:2      | Identified the +9 short sword "Newtbane" {vorpal, Fragile
                  | Fly rElec}
  1849 | D:2      | Found Amy Ras's Weapon Shop.
  2335 | D:3      | Reached XP level 5. HP: 33/33 MP: 5/5
  2632 | D:3      | Found a blossoming altar of Fedhas.
  2846 | D:3      | Found a snail-covered altar of Cheibriados.
  2869 | D:3      | Found an iron altar of Okawaru.
  3065 | D:4      | Reached XP level 6. HP: 39/39 MP: 6/6
  3295 | D:4      | Found an opulent altar of Gozag.
  3298 | D:4      | Found Gozag's Platinum Reserve.
  3829 | D:4      | Reached skill level 5 in Fighting
  3829 | D:4      | Reached skill level 5 in Armour
  3914 | D:5      | Entered Level 5 of the Dungeon
  3914 | D:5      | Noticed a water moccasin
  3940 | D:4      | Reached XP level 7. HP: 42/44 MP: 7/7
  4888 | D:5      | Noticed Grinder
  4891 | D:5      | Noticed Menkaure
  4905 | D:5      | Reached XP level 8. HP: 51/51 MP: 8/8
  4911 | D:5      | Killed Menkaure
  4920 | D:5      | Killed Grinder
  4921 | D:5      | Reached skill level 5 in Maces & Flails
  5102 | D:5      | Noticed a hornet
  5132 | D:5      | Killed a hornet
  5390 | D:6      | Reached XP level 9. HP: 53/56 MP: 9/9
  5509 | D:6      | Found a staircase to the Ecumenical Temple.
  5531 | Temple   | Entered the Ecumenical Temple
  5759 | Temple   | Became a worshipper of Hepliaklqana the Forgotten
  6569 | D:7      | Noticed Maggie
  6647 | D:6      | Reached skill level 5 in Dodging
  6776 | D:7      | Killed Maggie
  6999 | D:7      | Reached * piety under Hepliaklqana
  7040 | D:7      | Reached XP level 10. HP: 54/57 MP: 10/10
  7271 | D:7      | Found an ornate altar of the Wu Jian Council.
  7289 | D:7      | Found a bloodstained altar of Trog.
  7513 | D:8      | Noticed Maurice
  7531 | D:8      | Killed Maurice
  7574 | D:8      | Found a transporter.
  7576 | D:8      | Found a transporter.
  7581 | D:8      | Noticed hofbold's ghost (novice KoDe)
  7711 | D:8      | Noticed a cyclops
  7748 | D:8      | Noticed a boulder beetle
  8399 | D:9      | Found a sacrificial altar of Ru.
  8400 | D:9      | Reached ** piety under Hepliaklqana
  8401 | D:9      | Remembered your ancestor Beorhtric as a hexer
  8479 | D:10     | Entered Level 10 of the Dungeon
  8629 | D:9      | Found a broken altar of Ashenzari.
  8654 | D:9      | Noticed Pikel
  8750 | D:8      | Killed Pikel
  8751 | D:8      | Reached XP level 11. HP: 57/64 MP: 11/11
  8832 | D:9      | Identified the amulet "Coefikel" {rN+ Regen+}
  9119 | D:9      | Found a shimmering blue altar of Sif Muna.
  9304 | D:10     | Found Nipny's Distillery.
  9319 | D:10     | Noticed a skeletal warrior
  9342 | D:10     | Noticed a death knight
  9422 | D:10     | HP: 1/64 [wyvern (8)]
  9428 | D:10     | Reached skill level 10 in Fighting
  9619 | D:9      | Reached skill level 10 in Armour
 10116 | D:10     | Found a staircase to the Lair.
 10314 | D:10     | Noticed a skeletal warrior
 10334 | D:11     | Noticed a manticore
 10334 | D:11     | Noticed a cyclops
 10336 | D:11     | Noticed a boulder beetle
 10359 | D:11     | Killed a manticore
 10397 | D:12     | HP: 3/65 [killer bee (2)]
 10397 | D:12     | Slain by a troll

Illustrated notes

Levels and vault maps discovered:
D:1:      dreamdust_arrival_sigmund_warning, layout_loops_corners,
          shapermc_ecumenical_altar_acropolis, minmay_tall_x
D:2:      layout_basic, basic_altar, serial_shops, nicolae_lakefront_shop
D:3:      layout_rooms, mainiacjoe_overflow_small_starburst,
          fedhas_altar_fruit_tree, amcnicky_altar_gilded, lightli_corner_chamber
D:4:      layout_gridville, nicolae_gozag_zags_fifth_avenue
D:5:      layout_rooms, uniq_menkaure, uniq_grinder
D:6:      layout_loops_ring, minmay_temple_entry_wispy
D:7:      nicolae_cairo_tiling, layout_cave_pools, bloody_trog,
          nzn_wu_jian_contemplation, dk_rats_in_the_wall, uniq_maggie
D:8:      layout_rooms, nzn_ghost_randoct, uniq_maurice
D:9:      layout_cross, mainiacjoe_overflow_surrounded_room,
          mainiacjoe_overflow_alcove_4, lemuel_doored_altar, uniq_pikel
D:10:     layout_roguey, minmay_lair_entry_grove, orc_0_dummy, serial_shops,
          nicolae_stop_n_shop_1, serial_park_tiny_2, hangedman_decor_opposing
D:11:     layout_rooms, grunt_ministairs_2
D:12:     minmay_the_grid_triangle_9x9_line_8_mashed
          [minmay_the_grid_triangle_9x9_checkered,
          minmay_the_grid_triangle_9x9_from_above,
          minmay_the_grid_triangle_9x9_sparse_checkered,
          minmay_the_grid_triangle_9x9_fully_insulated_deathbox,
          minmay_the_grid_triangle_9x9_negative_grid,
          minmay_the_grid_triangle_9x9_cache,
          minmay_the_grid_triangle_9x9_windchime,
          minmay_the_grid_triangle_9x9_prize_special], layout_small_grid,
          ebering_ghost_disaster_area, serial_shops, shop
Temple:   nicolae_temple_figure_eight

Skill      XL: |  1  2  3  4  5  6  7  8  9 10 11 |
---------------+----------------------------------+-----
Dodging        | 1 2 3 4 5 6 7 |  7.4
Fighting       | 4 5 6 8 9 10 | 10.4
Armour         | 4 5 6 8 9 10 | 10.3
Maces & Flails | 3 4 5 7 8 9 |  9.2
Shields        | |  3.4

Action                   |  1- 3 |  4- 6 |  7- 9 | 10-12 || total
-------------------------+-------+-------+-------+-------++-------
Melee: Flail             |    79 |    45 |       |       ||   124
       Short sword       |       |   121 |   180 |       ||   301
       Morningstar       |       |       |    43 |   308 ||   351
       Mace              |       |       |    20 |       ||    20
Throw: Dart              |       |     6 |    14 |     2 ||    22
       Boomerang         |       |       |     5 |       ||     5
Invok: Ancestor Life: He |       |       |       |     1 ||     1
Evoke: Wand              |       |       |       |    16 ||    16
  Use: Potion            |       |     3 |     4 |    10 ||    17
       Scroll            |       |     2 |     5 |     7 ||    14
 Stab: Confused          |       |       |       |     1 ||     1
       Distracted        |       |       |       |     1 ||     1
Armor: Scale mail        |    36 |    93 |    98 |       ||   227
       Ring mail         |       |       |    69 |   228 ||   297
Dodge: Dodged            |    27 |    95 |   132 |   238 ||   492
Block: Buckler           |    17 |    35 |    60 |    82 ||   194

Table legend: (Time is in decaauts)
 A = Elapsed time spent in this place.
 B = Non-inter-level travel time spent in this place.
 C = Inter-level travel time spent in this place.
 D = Time resting spent in this place.
 E = Time spent auto-exploring this place.
 F = Levels seen in this place.
 G = Mean time per level.
                   A        B        C        D        E       F      G
               +--------+--------+--------+--------+--------+-----+--------+
         Total |  10565 |  10158 |    407 |   2151 |   5521 |  13 |  812.7 |
       Dungeon |  10311 |   9956 |    355 |   2151 |   5335 |  12 |  859.2 |
        Temple |    253 |    201 |     52 |      0 |    186 |   1 |  253.0 |
               +--------+--------+--------+--------+--------+-----+--------+

Top non-repeatable levels by time:
     D:4: 1721 daAuts
     D:1: 1185 daAuts
     D:9: 1161 daAuts
     D:6: 1158 daAuts
     D:2: 1004 daAuts
     D:8: 1004 daAuts
     D:3: 869 daAuts
     D:7: 768 daAuts
    D:10: 706 daAuts
     D:5: 656 daAuts
  Temple: 253 daAuts
    D:11: 69 daAuts
    D:12: 5 daAuts
